 Dungeon Crawl Stone Soup version 0.23.2-1-ga50397a (webtiles) character file.

Game seed: 2853760258463128346

24 Fang the Skirmisher (level 3, -5/34 HPs)
             Began as a Gargoyle Berserker on Apr 30, 2019.
             Was a Follower of Trog.
             Slain by Terence
             ... wielding a +0 flail of draining
              (11 damage)
             ... on level 2 of the Dungeon.
             The game lasted 00:01:05 (1438 turns).

Fang the Skirmisher (Gargoyle Berserker)            Turns: 1438, Time: 00:01:06

Health: -5/34      AC:  5    Str: 26    XL:     3   Next: 2%
Magic:  3/3        EV:  9    Int:  7    God:    Trog [*.....]
Gold:   30         SH:  0    Dex:  9    Spells: 2/2 levels left

rFire    . . .     SeeInvis .   a - +0 hand axe
rCold    . . .     Gourm    .   (no shield)
rNeg     + . .     Faith    .   b - +0 animal skin
rPois    ∞         Spirit   .   (no helmet)
rElec    +         Reflect  .   (no cloak)
rCorr    .         Harm     .   (no gloves)
MR       .....     Rnd*Tele +   (no boots)
Stlth    ..........             (no amulet)
HPRegen  0.11/turn              e - ring of teleportation (curse)
MPRegen  0.08/turn              f - -3 ring of evasion (curse)

@: berserking, very quick
A: negative energy resistance 1, electricity resistance, unbreathing,
petrification resistance, rot immunity, AC +3
a: Berserk, Renounce Religion


You were on level 2 of the Dungeon.
You worshipped Trog.
Trog was aware of your devotion.
You were not hungry.

You visited 1 branch of the dungeon, and saw 2 of its levels.

You collected 30 gold pieces.

Inventory:

Hand Weapons
 a - a +0 hand axe (weapon)
Armour
 b - a +0 animal skin (worn)
Jewellery
 e - a cursed ring of teleportation (left hand)
 f - a cursed -3 ring of evasion (right hand)
Scrolls
 g - a scroll of remove curse {unknown}
 h - a scroll of teleportation {unknown}
 k - a scroll of immolation {unknown}
Potions
 d - a potion of resistance {unknown}
 i - 2 potions of heal wounds {unknown}
 j - a potion of curing {unknown}
 l - 2 potions of ambrosia {unknown}


   Skills:
 + Level 3.6 Fighting
 + Level 3.0 Axes
 + Level 2.6 Armour
 + Level 2.0 Dodging


You had 2 spell levels left.
You didn't know any spells.
Your spell library was empty.

Dungeon Overview and Level Annotations

Branches:
Dungeon (2/15)

Altars:

Annotations:
D:2 Terence


Innate Abilities, Weirdness & Mutations

You are resistant to torment.
Your stone body is resilient. (AC +3)
You are immune to poison.
You resist negative energy. (rN+)
You are resistant to electric shocks. (rElec)
You can survive without breathing.
You are immune to petrification.
You are immune to rotting.


Message History

A worm comes into view.
There are monsters nearby!
There are monsters nearby!
A bat comes into view.
The worm bites you.
The bat moves out of view.
There are monsters nearby!
You are too injured to fight recklessly!
There are monsters nearby!
You are too injured to fight recklessly!
You're too hungry.
You hit the worm.
The worm is moderately wounded.
The worm bites you.
You eat the ration.
That ration really hit the spot!
Terence barely misses you.
A red film seems to cover your vision as you go berserk!
You feel yourself moving faster!
You feel mighty!
You feel a lot more hungry. The worm bites you.
* * * LOW HITPOINT WARNING * * *
Terence hits you with a +0 flail of draining!
You die...

#########
#.......###.#
#...w@......#
#...g@%.....#
..............?.
................
###..........##.
#........###
#.......##
#......##


You could see Terence, a worm and a goblin.

Vanquished Creatures
  2 leopard geckos (D:1)
  A bat (D:1)
  A giant cockroach (D:1)
  A goblin (D:1)
  6 hobgoblins
  A quokka (D:2)
  A frilled lizard (D:1)
  2 kobolds
  5 rats (D:1)
20 creatures vanquished.

Notes
Turn   | Place    | Note
-------+----------+-------------------------------------------
     0 | D:1      | Fang the Gargoyle Berserker began the quest for the Orb.
     0 | D:1      | Reached XP level 1. HP: 14/14 MP: 1/1
   333 | D:1      | Reached XP level 2. HP: 19/19 MP: 2/2
  1347 | D:2      | Reached XP level 3. HP: 8/23 MP: 3/3
  1434 | D:2      | Noticed Terence
  1438 | D:2      | Slain by Terence

Skill      XL: |  1  2 |
---------------+-------+-----
Dodging        | 2 |  2.0
Axes           | 3 |  3.0
Fighting       | |  3.6
Armour         | |  2.6

Action                   || total
-------------------------++-------
Melee: Hand axe          ||    85
Invok: Berserk           ||     1
 Stab: Sleeping          ||     1
  Eat: Ration            ||     1
Armor: Animal skin       ||    38
Dodge: Dodged            ||    41
